 Dungeon Crawl Stone Soup version 0.31-a0-516-gfcb59812bd (webtiles) character file.

Game seed: 10799837285066876784

8 GordonOverkill the Sneak (level 2, -3/16 HPs)
             Began as a Vine Stalker Delver on Aug 10, 2023.
             Was an Initiate of Trog.
             Slain by a phantom (6 damage)
             ... on level 6 of the Dungeon.
             The game lasted 00:01:31 (261 turns).

GordonOverkill the Sneak (Vine Stalker Delver)       Turns: 261, Time: 00:01:31

Health: -3/16      AC:  3    Str: 20    XL:     2   Next: 8%
Magic:  0/3        EV: 11    Int: 10    God:    Trog [......]
Gold:   12         SH:  0    Dex: 15    Spells: 1/1 levels left

rFire   . . .        a - +0 mace
rCold   . . .        (no shield)
rNeg    . . .        b - +0 leather armour
rPois   .            (no helmet)
rElec   .            (no cloak)
rCorr   .            (no gloves)
SInv    .            (no boots)
Will    .....        (no amulet)
Stlth   +++          j - +6 ring of strength
HPRegen 0.22/turn    (no ring)
MPRegen 0.08/turn

%: guardian spirit
@: hasted, very quick
A: fangs 2, magic shield, antimagic bite, no potion heal 2
a: Renounce Religion


You were on level 6 of the Dungeon.
You worshipped Trog.
Trog was noncommittal.
You visited 2 branches of the dungeon, and saw 3 of its levels.

You collected 12 gold pieces.

Inventory:

Hand Weapons
 a - a +0 mace (weapon)
Missiles
 i - 2 boomerangs
Armour
 b - a +0 leather armour (worn)
Jewellery
 j - a +6 ring of strength (left hand)
Wands
 g - a wand of digging (3)
 h - a wand of mindburst (7)
Scrolls
 c - a scroll of fog
 d - a scroll of revelation
 e - a scroll of fear


   Skills:
 - Level 2.6 Fighting
 + Level 2.5 Maces & Flails
 + Level 0.0 Throwing
 - Level 1.5 Dodging
 - Level 6.0 Stealth


You had one spell level left.
You didn't know any spells.
Your spell library was empty.

Dungeon Overview and Level Annotations

Branches:
Dungeon (6/15)             Temple (1/1) D:6

Altars:
Ashenzari
Cheibriados
Dithmenos
Elyvilon
Fedhas
Gozag
Hepliaklqana
Kikubaaqudgha
Makhleb
Nemelex Xobeh
Sif Muna
Trog
Uskayaw
Vehumet
Wu Jian
Xom
The Shining One


Innate Abilities, Weirdness & Mutations

You have extremely sharp teeth.
When hurt, damage is shared between your health and your magic reserves.
Your bite disrupts and absorbs the magic of your enemies.
Potions cannot restore your health.


Message History

j - a +6 ring of strength (left hand)
The orc wizard attacks as you move away!
The orc wizard hits you with a +0 dagger.
The orc wizard mumbles some strange words.
The orc wizard flickers and vanishes!
Deactivating autopickup; reactivate with Ctrl-A.
The orc wizard mumbles some strange words.
The orc wizard flickers and vanishes!
You hear the slow rusting of a very distant drain.
A magic dart appears from out of thin air!
The magic dart hits you!
* * * LOW HITPOINT WARNING * * *
A magic dart appears from out of thin air!
The magic dart hits something.
A magic dart appears from out of thin air!
The magic dart hits you.
* * * LOW HITPOINT WARNING * * *
Something tries to affect you, but you resist.
Found 14 gold pieces and 6 stones.
Something tries to affect you, but you resist.
A sleepcap comes into view.
You see here 6 stones.
The sleepcap releases spores at you.
* * * LOW HITPOINT WARNING * * *
You are engulfed in a cloud of soporific spores!
You fall asleep.
An orc wizard appears from thin air!
Reactivating autopickup.
The sleepcap releases spores at you.
You wake up.
* * * LOW HITPOINT WARNING * * *
Unknown command.
Unknown command.
Found 9 stones.
You feel yourself speed up. The sleepcap releases spores at you.
* * * LOW HITPOINT WARNING * * *
An orc comes into view. It is wielding a +0 dagger.
A phantom comes into view.
Found a ring mail.
The phantom hits you.
You die...

#..#.⌠.⌠.#
####### #.# #
.<##.....# ..
[ .#####'###
### #.# #. ##
##....# ##f##
..# ..
.###.###.#
##.#.######.#
#.# ..#.## .#
##.###f......#
.. ##.## #
##.##
##(###o###.#
### #.##
##o##o.#..#
##@# ####(#.#
#.W# #.o.#
#.#.# ##o##
...... #..#
### .## ##.###
.# #.... #
##.## #.. ##.#


You could see a phantom.

Vanquished Creatures
  4 orcs (D:5)
4 creatures vanquished.

Notes
Turn   | Place    | Note
-------+----------+-------------------------------------------
     0 | D:5      | GordonOverkill the Vine Stalker Delver began the quest for
                  | the Orb.
     0 | D:5      | Reached XP level 1. HP: 11/11 MP: 2/2
     1 | D:6      | Noticed an orc priest
     3 | D:6      | Found a staircase to the Ecumenical Temple.
     9 | Temple   | Entered the Ecumenical Temple
    22 | Temple   | Became a worshipper of Trog the Wrathful
    48 | D:6      | Noticed an orc wizard
   154 | D:5      | Reached XP level 2. HP: 16/16 MP: 3/3
   182 | D:6      | Found a shadowy altar of Dithmenos.
   200 | D:6      | Noticed a howler monkey
   260 | D:6      | Noticed a phantom
   261 | D:6      | Slain by a phantom

Illustrated notes

Levels and vault maps discovered:
D:5:      layout_cave_pods, gammafunk_ghost_abyssal_escape
D:6:      layout_loops_ring, mainiacjoe_overflow_concentric_impassable,
          kennysheep_mini_moat, minmay_temple_entry_hall, portal_sewer_entry_a,
          nicolae_benzene_ring, uniq_crazy_yiuf_cottage
Temple:   eino_temple_scatter_basement

Skill      XL: |  1 |
---------------+----+-----
Maces & Flails | 2 |  2.5
Fighting       | |  2.6
Dodging        | |  1.5
Stealth        | |  6.0

Action                     || total
---------------------------++-------
  Melee: Mace              ||    10
         Punch             ||     1
         Bite              ||     1
    Use: Potion            ||     1
 Armour: Leather armour    ||     3
  Dodge: Dodged            ||     6

Table legend: (Time is in decaauts)
 A = Elapsed time spent in this place.
 B = Non-inter-level travel time spent in this place.
 C = Inter-level travel time spent in this place.
 D = Time resting spent in this place.
 E = Time spent auto-exploring this place.
 F = Levels seen in this place.
 G = Mean time per level.
                   A        B        C        D        E       F      G
               +--------+--------+--------+--------+--------+-----+--------+
         Total |    260 |    236 |     24 |     32 |      0 |   3 |   86.7 |
       Dungeon |    233 |    233 |      0 |     32 |      0 |   2 |  116.5 |
        Temple |     26 |      2 |     24 |      0 |      0 |   1 |   26.0 |
               +--------+--------+--------+--------+--------+-----+--------+

Top non-repeatable levels by time:
     D:5: 118 daAuts
     D:6: 115 daAuts
  Temple: 26 daAuts
